 Dungeon Crawl Stone Soup version 0.24.0-1-gfbc8707 (webtiles) character file.

Game seed: 8873655664257708525, levelgen mode: deterministic

129 Coron the Covered (level 4, -1/42 HPs)
             Began as a Deep Dwarf Abyssal Knight on Oct 29, 2019.
             Was a Believer of Lugonu.
             Slain by a worm (10 damage)
             ... on level 2 of the Dungeon.
             The game lasted 00:06:35 (1493 turns).

Coron the Covered (Deep Dwarf Abyssal Knight)       Turns: 1493, Time: 00:06:35

Health: -1/42      AC:  2    Str: 17    XL:     4   Next: 88%
Magic:  5/5        EV: 12    Int: 12    God:    Lugonu [**....]
Gold:   124        SH:  0    Dex: 12    Spells: 3/3 levels left

rFire    . . .     SeeInvis .   a - +2 hand axe
rCold    . . .     Gourm    .   (no shield)
rNeg     . . .     Faith    .   i - +0 robe (curse)
rPois    +         Spirit   .   (no helmet)
rElec    .         Reflect  .   (no cloak)
rCorr    .         Harm     .   (no gloves)
MR       .....                  (no boots)
Stlth    ..........             (no amulet)
HPRegen  0.00/turn              g - ring of attention (curse)
MPRegen  0.09/turn              q - ring of poison resistance

@: non-regenerating
A: damage resistance, heal wounds, sense surroundings 1, no regeneration
a: Heal Wounds, Depart the Abyss, Bend Space, Renounce Religion


You were on level 2 of the Dungeon.
You worshipped Lugonu.
Lugonu was pleased with you.
You were not hungry.

You visited 1 branch of the dungeon, and saw 2 of its levels.
You visited the Abyss 1 time.

You collected 124 gold pieces.

Inventory:

Hand Weapons
 a - a +2 hand axe (weapon)
Missiles
 j - 115 stones
 k - 39 sling bullets
 p - 5 boomerangs (quivered)
Armour
 b - a +0 leather armour
 i - a cursed +0 robe (worn)
 o - a +0 chain mail
Jewellery
 g - a cursed ring of attention (left hand)
 q - a ring of poison resistance (right hand)
Potions
 d - a potion of magic {unknown}
 e - a potion of degeneration {unknown}
 f - 2 potions of resistance {unknown}
 h - 3 potions of might {unknown}
 l - 2 potions of haste {unknown}
 n - a potion of mutation {unknown}
Comestibles
 c - 3 rations
 m - 2 chunks of flesh


   Skills:
 - Level 3.0 Fighting
 + Level 3.7 Axes
 - Level 4.1 Armour
 - Level 2.0 Dodging
 - Level 2.5 Invocations


You had 3 spell levels left.
You didn't know any spells.
Your spell library was empty.

Dungeon Overview and Level Annotations

Branches:
Dungeon (2/15)

Altars:
Elyvilon
Yredelemnul
The Shining One


Innate Abilities, Weirdness & Mutations

You are resistant to damage.
You can heal yourself by infusing magical energy.
You passively map a small area around you.
You do not regenerate.


Message History

The worm is heavily wounded.
Throwing (i - inventory. (/) - cycle)
p - 5 boomerangs (quivered)
Press: ? - help, Shift-Dir - straight line, f/p - worm
Aim: a worm (heavily wounded)
You throw a boomerang. The boomerang hits the worm!
The worm is almost dead.
Throwing (i - inventory. (/) - cycle)
p - 5 boomerangs (quivered)
Press: ? - help, Shift-Dir - straight line, f/p - worm
Aim: a worm (almost dead)
You throw a boomerang. The boomerang barely misses the worm.
Throwing (i - inventory. (/) - cycle)
p - 5 boomerangs (quivered)
Press: ? - help, Shift-Dir - straight line, f/p - worm
Aim: a worm (almost dead)
You throw a boomerang.
The boomerang hits the worm but does no damage.
The worm is almost dead.
You hit the worm.
The worm is almost dead.
The worm bites you!
You die...

#........<..#####.........###....
#######.###.......<......####....
#.###.#.###.......###....w.
#.##..#......)....# #w#####
##.#..###..........###.#
#....####.###.....###..#
#...##.............##w##
#.####................#
#####......@w........##
#..............>..<..#
#.###....#.#...########## #.#
#....#.###...####...# #.#
#....### ###...####.# ###
#....#.# ##...# #.### #....#.#
###...## #.... ######.###...###
####. #.#...### #.


You could see a worm.

Vanquished Creatures
  3 gnolls (D:2)
  4 adders (D:2)
  An ooze (D:2)
  A dart slug (D:1)
  6 leopard geckos
  3 goblins (D:1)
  5 hobgoblins
  3 jackals (D:2)
  2 quokkas (D:2)
  9 bats
  3 frilled lizards (D:1)
  7 kobolds
  11 rats
58 creatures vanquished.

Notes
Turn   | Place    | Note
-------+----------+-------------------------------------------
     0 | Abyss:1  | Coron the Deep Dwarf Abyssal Knight began the quest for the
                  | Orb.
     0 | Abyss:1  | Reached XP level 1. HP: 20/20 MP: 2/2
    57 | Abyss:1  | Noticed a smoke demon
    58 | D:1      | Escaped the Abyss
    73 | D:1      | Reached * piety under Lugonu
   144 | D:1      | Reached XP level 2. HP: 27/27 MP: 3/3
   607 | D:1      | Reached XP level 3. HP: 31/34 MP: 4/4
   888 | D:2      | Reached skill level 3 in Armour
   927 | D:2      | Reached ** piety under Lugonu
  1024 | D:2      | Reached XP level 4. HP: 33/42 MP: 5/5
  1072 | D:2      | Found a basalt altar of Yredelemnul.
  1131 | D:2      | Found a glowing golden altar of the Shining One.
  1181 | D:2      | Found a white marble altar of Elyvilon.
  1369 | D:2      | Reached skill level 4 in Armour
  1493 | D:2      | Slain by a worm

Levels and vault maps discovered:
D:1:      arrival_zaba_pyramid, layout_loops_ring
D:2:      layout_rooms, kennysheep_ying_yang, tso_altar, serial_curves,
          eino_curves_01, eino_curves_03, minmay_split_cup_large

Skill      XL: |  1  2  3  4 |
---------------+-------------+-----
Fighting       | 3 |  3.0
Dodging        | 2 |  2.0
Axes           | 3 |  3.7
Armour         | 3 4 |  4.1
Invocations    | |  2.5

Action                   |  1- 3 |  4- 6 || total
-------------------------+-------+-------++-------
Melee: Hand axe          |   129 |    45 ||   174
Throw: Stone             |    21 |       ||    21
       Boomerang         |       |    15 ||    15
Invok: Depart the Abyss  |     1 |       ||     1
 Abil: Heal Wounds       |       |     1 ||     1
  Use: Scroll            |     1 |     1 ||     2
 Stab: Sleeping          |     2 |       ||     2
  Eat: Chunk             |     1 |     1 ||     2
Armor: Leather armour    |     7 |       ||     7
       Robe              |    18 |    10 ||    28
Dodge: Dodged            |    92 |    42 ||   134
